 Dungeon Crawl Stone Soup version 0.29-a0-356-g7bc237e783 (webtiles) character file.

Game seed: 3948194965225412230

49 spaghetti the Skirmisher (level 3, 0/46 HPs)
             Began as a Demonspawn Berserker on Apr 25, 2022.
             Was a Follower of Trog.
             Constricted to death by a ball python (1 damage)
             ... on level 2 of the Dungeon.
             The game lasted 00:02:08 (1347 turns).

spaghetti the Skirmisher (Demonspawn Berserker)     Turns: 1347, Time: 00:02:09

Health: 0/46       AC:  4    Str: 17    XL:     3   Next: 51%
Magic:  3/3        EV:  9    Int: 10    God:    Trog [*.....]
Gold:   44         SH:  0    Dex: 12    Spells: 2/2 levels left

rFire   . . .      SeeInvis .   h - +1 dagger (elec) {short}
rCold   . . .      Faith    .   (no shield)
rNeg    + . .      Spirit   .   b - +0 animal skin
rPois   .          Reflect  .   (no helmet)
rElec   .          Harm     .   (no cloak)
rCorr   .          Rampage  .   (no gloves)
Will    .....                   (no boots)
Stlth   ..........              (no amulet)
HPRegen 0.15/turn               g - ring of positive energy
MPRegen 0.08/turn               (no ring)

@: berserking (expiring), constricted, very quick
A: thin metallic scales 1, demonic touch 1
a: Renounce Religion, Berserk


You were on level 2 of the Dungeon.
You worshipped Trog.
Trog was aware of your devotion.
You visited 1 branch of the dungeon, and saw 2 of its levels.

You collected 44 gold pieces.


Innate Abilities, Weirdness & Mutations

You are partially covered in thin metallic scales. (AC +2)
Your touch may inflict minor irresistible damage on your foes.


   Skills:
 + Level 4.6 Fighting
 - Level 2.6 Axes
 - Level 1.7 Armour
 - Level 1.7 Dodging


You had 2 spell levels left.
You didn't know any spells.
Your spell library contained the following spells:

 Spells                   Type           Power      Damage    Failure   Level
 Sandblast                Erth           0%         2d4       36%         1
 Passwall                 Tmut/Erth      0%         N/A       50%         2
 Gell's Gravitas          Tloc           0%         N/A       75%         3
 Inner Flame              Hex/Fire       0%         N/A       75%         3
 Lesser Beckoning         Tloc           0%         N/A       75%         3
 Stone Arrow              Conj/Erth      0%         3d7       75%         3
 Teleport Other           Tloc           0%         N/A       75%         3
 Cause Fear               Hex            0%         N/A       98%         4
 Discord                  Hex            0%         N/A       100%        8

Inventory:

Hand Weapons
 a - a +0 hand axe {axe}
 h - a +1 dagger of electrocution (weapon) {short}
   (You took it off a goblin on level 1 of the Dungeon)
Missiles
 c - 79 stones (quivered) {throwing}
Armour
 b - a +0 animal skin (worn)
Jewellery
 g - a ring of positive energy (left hand)
   (You found it on level 1 of the Dungeon)
Scrolls
 d - 2 scrolls of identify {unknown}
 e - 2 scrolls of amnesia {unknown}
 f - a scroll of vulnerability {unknown}

Dungeon Overview and Level Annotations

Branches:
Dungeon (2/15)

Altars:

Annotations:
D:2 Jessica

#.###.######.... >#.#...
#.#.#.#......... .......
#.#.#.#.####....
..[....##...#.#.####....
.......#...........'....
..)....#.######.####....
#...ยง.#.##.............
#..ยงgg#)##.############
+....S@)# #..>.g###
#..... #..... #.....
#....# #.... #....


You could see 3 hobgoblins and a ball python.


Message History

Robin throws the goblin at you! The goblin closely misses you.
The goblin misses you.
You miss the goblin.
You touch the goblin.
You kill the goblin!
Trog accepts your kill.
A hobgoblin comes into view.
You hit the goblin. The goblin closely misses you.
You hit the goblin.
You kill the goblin!
Trog accepts your kill.
The goblin shoots a sling bullet.
The sling bullet hits you but does no damage.
Robin throws the goblin at you! ๐Ÿ˜• HP[-1]
You take 1 damage, and now have 27/30 hp.
You barely miss the goblin.
The goblin no longer looks unusually strong.
The goblin unwields a +0 hunting sling.
The goblin wields a +0 club.
The goblin hits you with a +0 club. The goblin hits you with a +0 dagger.
A goblin comes into view. It is wielding a +0 club. ๐Ÿ˜• HP[-4]
You take 4 damage, and now have 23/30 hp.
You barely miss the goblin. The goblin misses you.
Robin roars a battlecry!
The goblins go into a battle-frenzy!
The goblin hits you with a +0 dagger.
The goblin drinks a potion.
The goblin suddenly seems more resistant.
You hear a shout! ๐Ÿ˜ฎ HP[-2]
You take 2 damage, and now have 21/30 hp.
You hit the goblin. Lightning courses through the goblin!
You kill the goblin!
Trog accepts your kill.
Robin zaps a wand.
The puff of flame hits you!
* * * LOW HITPOINT WARNING * * *
๐Ÿ˜จ HP[-10]
You now have 31 max hp (+1).
You take 10 damage, and now have 11/31 hp.
MASSIVE DAMAGE!! (PAUSE)
A red film seems to cover your vision as you go berserk!
You feel yourself moving faster!
You feel mighty!
The hobgoblin no longer looks unusually strong.
The goblin hits you but does no damage. ๐Ÿ˜จ HP[+6]
You now have 46 max hp (+15).
You regained 6 hp, and now have 17/46 hp.
You hit the goblin. Lightning courses through the goblin!!
You kill the goblin!
Trog accepts your kill.
You closely miss the goblin. The goblin hits you with a +0 club.
* * * LOW HITPOINT WARNING * * *
๐Ÿ˜จ HP[-4]
You take 4 damage, and now have 13/46 hp.
You hit the goblin.
You kill the goblin!
Trog accepts your kill.
A ball python comes into view.
The ball python hisses angrily.
The hobgoblin shouts!
The hobgoblin barely misses you. The goblin barely misses you.
Robin throws the goblin at you!
Items here: )) โ€ โ€ โ€ .
Unknown command.
You hit Robin. Lightning courses through Robin!
Robin zaps a wand.
The puff of flame misses you. The hobgoblin misses you. The goblin misses you.
Jessica gestures wildly while chanting.
Jessica blinks!
Unknown command.
Unknown command.
You hit Robin.
You touch Robin.
You kill Robin!
Trog accepts your kill. The hobgoblin hits you.
* * * LOW HITPOINT WARNING * * *
The hobgoblin hits you.
* * * LOW HITPOINT WARNING * * *
The goblin hits you with a +0 club.
* * * LOW HITPOINT WARNING * * *
๐Ÿ˜ฑ HP[-10]
You take 10 damage, and now have 3/46 hp.
MASSIVE DAMAGE!! (PAUSE)
You hit the goblin.
The hobgoblin no longer looks unusually strong.
The ball python misses you. The ball python grabs you.
The ball python constricts you.
Unknown command.
You puncture the goblin!
You kill the goblin!
Trog accepts your kill.
Jessica gestures wildly while chanting.
Jessica blinks!
The hobgoblin hits you.
* * * LOW HITPOINT WARNING * * *
The hobgoblin hits you.
* * * LOW HITPOINT WARNING * * *
The ball python bites you but does no damage.
The ball python constricts you.
You die...

Skill      XL: |  1  2 |
---------------+-------+-----
Fighting       | 4 |  4.6
Axes           | |  2.6
Armour         | |  1.7
Dodging        | |  1.7

Action                   || total
-------------------------++-------
Melee: Hand axe          ||    47
       Dagger            ||    31
       Touch             ||     5
Throw: Stone             ||    39
Invok: Berserk           ||     3
Armor: Animal skin       ||    21
Dodge: Dodged            ||    66

Levels and vault maps discovered:
D:1:      lightli_arrival_farm, layout_basic, minivault_26, skrybe_limestone_x
D:2:      layout_basic, st_stairs_8, uniq_jessica, uniq_robin

Notes
Turn   | Place    | Note
-------+----------+-------------------------------------------
     0 | D:1      | spaghetti the Demonspawn Berserker began the quest for the
                  | Orb.
     0 | D:1      | Reached XP level 1. HP: 18/18 MP: 1/1
     0 | D:1      | magus.rc [v1.9.6]
   160 | D:1      | You pick up a book of Hexes {forbidden} and begin
                  | reading...
   160 | D:1      | You add the spells Inner Flame, Cause Fear and Discord to
                  | your library.
   275 | D:1      | Gained mutation: Your touch may inflict minor irresistible
                  | damage on your foes. [demonic ancestry]
   275 | D:1      | Reached XP level 2. HP: 22/24 MP: 2/2
   485 | D:1      | You pick up a book of Hexes {forbidden} and begin
                  | reading...
   654 | D:1      | You pick up a book of Geomancy {forbidden} and begin
                  | reading...
   654 | D:1      | You add the spells Sandblast, Passwall and Stone Arrow to
                  | your library.
   679 | D:1      | You pick up a book of Geomancy {forbidden} and begin
                  | reading...
   683 | D:1      | You pick up a book of Displacement {forbidden} and begin
                  | reading...
   683 | D:1      | You add the spells Lesser Beckoning, Gell's Gravitas and
                  | Teleport Other to your library.
   684 | D:1      | HP: 5/25 [goblin/+1 dagger of electrocution (17)]
   685 | D:1      | Reached skill level 4 in Fighting
   693 | D:1      | HP: 5/37 [goblin/+0 dagger (2)]
  1260 | D:2      | Gained mutation: You are partially covered in thin metallic
                  | scales. (AC +2) [demonic ancestry]
  1260 | D:2      | Reached XP level 3. HP: 26/30 MP: 3/3
  1324 | D:2      | Noticed Robin
  1330 | D:2      | Noticed Jessica
  1345 | D:2      | Killed Robin
  1345 | D:2      | HP: 6/46 [hobgoblin[Robin] (6)]
  1347 | D:2      | HP: 2/46 [hobgoblin[Robin] (2)]
  1347 | D:2      | Constricted to death by a ball python

Vanquished Creatures
  Robin (D:2)
  2 ball pythons (D:1)
  2 bats (D:1)
  2 endoplasms
  A giant cockroach (D:1)
  15 goblins
  A hobgoblin (D:2)
  2 kobolds (D:1)
  3 quokkas (D:1)
  A frilled lizard (D:1)
  4 rats (D:1)
34 creatures vanquished.

Table legend:
 A = Non-vault XP
 B = Vault XP
 C = Vault XP percentage of total XP
 D = Non-vault monster count
 E = Vault monster count
 F = Vault count percentage of total count
                 A         B        C        D         E       F
            +---------+---------+-------+---------+---------+-------
      Total |      41 |      31 |  43.1 |      25 |       9 |  26.5
            +---------+---------+-------+---------+---------+-------
        D:1 |      39 |       0 |   0.0 |      24 |       0 |   0.0
        D:2 |       2 |      31 |  93.9 |       1 |       9 |  90.0
            +---------+---------+-------+---------+---------+-------

Illustrated notes

Table legend:
 A = Kills in this place as a percentage of kills in entire the game.
 B = Kills by you in this place as a percentage of kills by you in the entire game.
 C = Kills by friends in this place as a percentage of kills by friends in the entire game.
 D = Other kills in this place as a percentage of other kills in the entire game.
 E = Experience gained in this place as a percentage of experience gained in the entire game.
 F = Experience gained in this place divided by the number of levels of this place that you have seen.
                   A       B       C       D       E      F
               +-------+-------+-------+-------+-------+----------------------
         Total | 100.0 | 100.0 |   N/A |   N/A | 100.0 |  36.0
       Dungeon | 100.0 | 100.0 |   N/A |   N/A | 100.0 |  36.0
               +-------+-------+-------+-------+-------+----------------------

Table legend: (Time is in decaauts)
 A = Elapsed time spent in this place.
 B = Non-inter-level travel time spent in this place.
 C = Inter-level travel time spent in this place.
 D = Time resting spent in this place.
 E = Time spent auto-exploring this place.
 F = Levels seen in this place.
 G = Mean time per level.
                   A        B        C        D        E       F      G
               +--------+--------+--------+--------+--------+-----+--------+
         Total |   1396 |   1362 |     34 |    320 |    844 |   2 |  698.0 |
       Dungeon |   1396 |   1362 |     34 |    320 |    844 |   2 |  698.0 |
               +--------+--------+--------+--------+--------+-----+--------+

Top non-repeatable levels by time:
     D:1: 1301 daAuts
     D:2: 94 daAuts
